 Dungeon Crawl Stone Soup version 0.31-a0-977-gc230f8ef24 (webtiles) character file.

Game seed: 4845030535993607119

53 Dirtsage the Insei (level 3, 0/24 HPs)
             Began as an Octopode Shapeshifter on Oct 29, 2023.
             Slain by a water moccasin (7 damage)
             ... in a sewer.
             The game lasted 00:03:19 (1332 turns).

Dirtsage the Insei (Octopode Shapeshifter)          Turns: 1332, Time: 00:03:19

Health: 0/24       AC:  1    Str: 13    XL:     3   Next: 87%
Magic:  3/3        EV: 13    Int: 12    God:
Gold:   53         SH:  0    Dex: 13    Spells: 2/2 levels left

rFire   . .          .
                       - Unarmed
rCold   . . .        (no shield)
rNeg    . . .        (helmet currently unavailable)
rPois   +            (no amulet)
rElec   .            P - ring of poison resistance
rCorr   .            (no ring)
SInv    .            (no ring)
Will    .....        (no ring)
Stlth   ++           (no ring)
HPRegen 0.24/turn    (no ring)
MPRegen 0.08/turn    (no ring)
                     (no ring)

%: no passive effects
@: beast-form
A: beast (slay +2), almost no armour, amphibious, 8 rings, camouflage 1,
gelatinous body 1, (nimble swimmer 1), tentacles
a: Begin Untransformation


You were in a sewer.
You were a hulking beast.
You visited 1 branch of the dungeon, and saw 3 of its levels.
You also visited: Sewer.

You collected 53 gold pieces.

Inventory:

Jewellery
 P - a ring of poison resistance (left tentacle)
Talismans
 b - a beast talisman
 c - a flux talisman
Scrolls
 d - 2 scrolls of identify {unknown}
 e - a scroll of vulnerability {unknown}
 f - a scroll of immolation {unknown}
 h - a scroll of torment {unknown}
 j - a scroll of amnesia {unknown}
 k - a scroll of brand weapon {unknown}
Potions
 a - a potion of lignification
 g - a potion of enlightenment {unknown}
 i - a potion of curing {unknown}


   Skills:
 + Level 1.8 Fighting
 - Level 2.0 Dodging
 * Level 3.7 Unarmed Combat
 * Level 3.6 Shapeshifting


You had 2 spell levels left.
You didn't know any spells.
Your spell library was empty.

Dungeon Overview and Level Annotations

Branches:
Dungeon (3/15)              Sewer (1/1)

Altars:

Annotations:
D:3 1 runed translucent door


Innate Abilities, Weirdness & Mutations

You are a hulking beast.
Your limbs bulge with bestial killing power. (Slay +2)
You cannot wear most types of armour.
You are amphibious.
You can wear up to eight rings at the same time.
Your skin changes colour to match your surroundings (Stealth+).
Your rubbery body absorbs attacks. (AC +1, EV +1)
((You are camouflaged when in or above water. (Stealth+)))
You have tentacles for arms and can constrict up to eight enemies at once.


Message History

The bat hits you.
You take 1 damage, and have 23/24 hp.
The bat hits you. The bat hits you but does no damage.
You take 1 damage, and have 22/24 hp.
You tentacle-slap the bat.
You kill the bat!
No target in view!
HP restored.
A bat comes into view.
Found a potion of berserk rage.
Found a gate leading back out of this place.
Health restored: 24 A bat is nearby!
The bat closely misses you.
You tentacle-slap the bat. Your grab misses the bat. You squeeze the bat.
You kill the bat!
No target in view!
A water moccasin comes into view.
A water moccasin is nearby!
You have nothing you can fire or use right now.
You see here a potion of berserk rage.
You have nothing you can fire or use right now.
You have nothing you can fire or use right now.
The water moccasin hisses angrily.
The water moccasin closely misses you. The water moccasin bites you!
You take 8 damage, and have 16/24 hp.
MASSIVE DAMAGE!!
You tentacle-slap the water moccasin. Your grab misses the water moccasin.
The water moccasin is moderately wounded.
The water moccasin bites you!
* * * LOW HITPOINT WARNING * * *
You take 9 damage, and have 7/24 hp.
MASSIVE DAMAGE!!
You closely miss the water moccasin. You grab the water moccasin.
The water moccasin is moderately wounded.
You constrict the water moccasin. The water moccasin closely misses you.
Okay, then.
You tentacle-slap the water moccasin. You squeeze the water moccasin.
The water moccasin is heavily wounded.
You constrict the water moccasin, but do no damage.
The water moccasin misses you. The water moccasin bites you!
You die...

####### ##.....##
#......$#
#############.....$$#
#∩..†......!...hS.)?#
########.####.....$)#
#.# #......$# #.#
##.....## #.# #######
#.# #.# ##.## ##...##


You could see a water moccasin.

Vanquished Creatures
  A dart slug (D:1)
  An orc (D:3)
  8 bats
  4 endoplasms
  3 giant cockroaches
  A goblin (D:2)
  3 hobgoblins
  4 jackals (D:2)
  3 kobolds
  3 quokkas
  4 ball pythons
  6 frilled lizards
  3 rats
44 creatures vanquished.

Notes
Turn   | Place    | Note
-------+----------+-------------------------------------------
     0 | D:1      | Dirtsage the Octopode Shapeshifter began the quest for the
                  | Orb.
     0 | D:1      | Reached XP level 1. HP: 13/13 MP: 1/1
   143 | D:1      | You fall into a shaft and drop 1 floor!
   197 | D:2      | Reached XP level 2. HP: 13/18 MP: 2/2
   471 | D:1      | Reached XP level 3. HP: 23/23 MP: 3/3
  1195 | D:3      | Found a runed translucent door.
  1284 | D:3      | Found a glowing drain.
  1289 | Sewer    | Entered a sewer
  1323 | Sewer    | Noticed a water moccasin
  1332 | Sewer    | Slain by a water moccasin

Illustrated notes

Levels and vault maps discovered:
D:1:      minmay_arrival_arboretum_small, layout_basic, minmay_curled_crystal,
          minmay_heptomino_l4
D:2:      layout_basic, minmay_misc_feat_more_columns
D:3:      layout_basic, ebering_ghost_reflecting_pool, gup_sewer_entry_bowl,
          minmay_liquid_box, minmay_hedge_maze, uniq_crazy_yiuf_cottage
Sewer:    sewer_big_baddie

Action                     || total
---------------------------++-------
  Melee: Unarmed           ||    69
         Tentacles         ||    15
         Constrict         ||    13
         Punch             ||     2
   Stab: Sleeping          ||     6
 Armour: Skin              ||    23
  Dodge: Dodged            ||    39

Table legend: (Time is in decaauts)
 A = Elapsed time spent in this place.
 B = Non-inter-level travel time spent in this place.
 C = Inter-level travel time spent in this place.
 D = Time resting spent in this place.
 E = Time spent auto-exploring this place.
 F = Levels seen in this place.
 G = Mean time per level.
                   A        B        C        D        E       F      G
               +--------+--------+--------+--------+--------+-----+--------+
         Total |   1325 |   1282 |     43 |      0 |    833 |   4 |  331.2 |
       Dungeon |   1283 |   1240 |     43 |      0 |    815 |   3 |  427.7 |
         Sewer |     42 |     42 |      0 |      0 |     18 |   1 |   42.0 |
               +--------+--------+--------+--------+--------+-----+--------+

Top non-repeatable levels by time:
     D:2: 543 daAuts
     D:1: 451 daAuts
     D:3: 287 daAuts
   Sewer: 42 daAuts
